 Dungeon Crawl Stone Soup version 0.18.1-48-g4cf74bf (webtiles) character file.

123 Heedrag the Conjurer (level 4, -12/24 HPs)
             Began as a Deep Elf Conjurer on Aug 10, 2016.
             Killed from afar by Heedrag's ghost (17 damage)
             ... with an orb of energy
             ... on level 3 of the Dungeon.
             The game lasted 00:05:01 (1832 turns).

Heedrag the Conjurer (Deep Elf Conjurer)            Turns: 1832, Time: 00:05:02

Health: -12/24     AC:  5    Str:  6    XL:     4   Next: 80%
Magic:  3/12       EV: 13    Int: 20    God:
Gold:   109        SH:  0    Dex: 15    Spells: 2 memorised, 8 levels left

rFire  . . .     SeeInvis .     v - +1 spear
rCold  . . .     Gourm    .     a - +0 robe
rNeg   . . .     Faith    .     (no shield)
rPois  .         Spirit   .     t - +1 helmet
rElec  .         Dismiss  .     i - +0 cloak
rCorr  .         Reflect  .     (no gloves)
SustAt .         Harm     .     (no boots)
MR     .....                    (no amulet)
Stlth  +.........               (no ring)
                                (no ring)

@: not resistant to hostile enchantments, very unstealthy
A: no striking features
a: no special abilities


You were on level 3 of the Dungeon.
You were not hungry.

You visited 1 branch of the dungeon, and saw 3 of its levels.

You collected 109 gold pieces.

Inventory:

Hand Weapons
 v - a +1 spear (weapon)
Armour
 a - a +0 robe (worn)
 i - a +0 cloak (worn)
 j - a +0 shield
 t - a +1 helmet (worn)
Scrolls
 g - a scroll of recharging {unknown}
 h - 4 scrolls of identify {unknown}
 s - a scroll of enchant armour {unknown}
Potions
 e - a potion of might {unknown}
 f - a potion of invisibility {unknown}
 n - a potion of lignification {unknown}
 p - a potion of resistance {unknown}
 u - a potion of curing {unknown}
Books
 b - a book of Conjurations

   Spells                             Type                      Level
   a - Magic Dart                     Conjuration                  1
   b - Searing Ray                    Conjuration                  2
   c - Dazzling Spray                 Conjuration/Hexes            3
   d - Fulminant Prism                Conjuration/Hexes            4
   e - Iskenderun's Mystic Blast      Conjuration                  4
   f - Iskenderun's Battlesphere      Conjuration/Charms           5
Comestibles
 c - 2 bread rations
 l - a beef jerky
 r - 2 meat rations


   Skills:
 - Level 2.4 Dodging
 - Level 2.4 Stealth
 + Level 4.5 Spellcasting
 * Level 6.1 Conjurations


You had 8 spell levels left.
You knew the following spells:

 Your Spells              Type           Power        Failure   Level  Hunger
a - Magic Dart            Conj           ####         1%          1    None
b - Dazzling Spray        Conj/Hex       ###...       12%         3    ##.....


Dungeon Overview and Level Annotations

Branches:
Dungeon (3/15)

Altars:
Pakellas
The Shining One

Annotations:
D:3 Grinder; Heedrag's ghost, amateur DECj


Message History

* * * LOW HITPOINT WARNIN'
* * * Castin': Magic Dart Confirm wit' . or Enter, or press ? or * ta list all spells.
Aimin': Magic Dart
Press: ? - help, Shift-Dir - straight line, f/p - Heedrag's ghost
Aim: Heedrag's ghost (heavily damaged) Tha magic dart hits Heedrag's ghost.
Heedrag's ghost be severely damaged.
Heedrag's ghost hits ye but does nay damage.
Castin': Magic Dart Confirm wit' . or Enter, or press ? or * ta list all spells.
Aimin': Magic Dart
Press: ? - help, Shift-Dir - straight line, f/p - Heedrag's ghost
Aim: Heedrag's ghost (severely damaged) Tha magic dart hits Heedrag's ghost.
Heedrag's ghost be almost destroyed.
Heedrag's ghost points at ye an' mumbles some strange words.
Tha orb o' energy hits ye!
Ouch! Tha re'lly hurt!
Ye die...

# #.##.##.#..## #
###b##......... #
#.....###......
#.#.#.###.#.#..
..###.#.........#
..>.......###....
...#.(g..# ##
###W### ##@# #≈#
#≈# #.# #w# #≈#
#≈# #≈#


You could see a worm, Heedrag's ghost, a hobgoblin and a bat.

Vanquished Creatures
  3 gnolls (D:3)
  4 adders
  An ooze (D:1)
  A worm (D:2)
  4 giant geckos
  An orc (D:3)
  2 giant cockroaches
  9 goblins
  3 hobgoblins
  2 jackals (D:1)
  4 kobolds
  A quokka (D:2)
  2 ball pythons
  8 bats
  4 rats
49 creatures vanquished.

Notes
Turn   | Place    | Note
--------------------------------------------------------------
     0 | D:1      | Heedrag the Deep Elf Conjurer began the quest for the Orb.
     0 | D:1      | Reached XP level 1. HP: 10/10 MP: 6/6
   143 | D:1      | Reached XP level 2. HP: 15/15 MP: 2/8
   372 | D:1      | Reached skill level 5 in Conjurations
   760 | D:1      | Reached XP level 3. HP: 19/19 MP: 8/10
   774 | D:1      | Learned a level 3 spell: Dazzling Spray
  1023 | D:2      | Found an oddly glowing altar of Pakellas.
  1316 | D:2      | Found a glowing golden altar of the Shining One.
  1342 | D:3      | Reached XP level 4. HP: 11/24 MP: 4/12
  1634 | D:3      | Reached skill level 6 in Conjurations
  1765 | D:3      | Noticed Grinder
  1818 | D:3      | Noticed Heedrag's ghost (amateur DECj)
  1832 | D:3      | Killed from afar by Heedrag's ghost

Skill      XL: |  1  2  3  4 |
---------------+-------------+-----
Conjurations   | 5 6 |  6.1
Spellcasting   | 4 |  4.5
Dodging        | |  2.4
Stealth        | |  2.4

Action                   |  1- 3 |  4- 6 || total
-------------------------+-------+-------++-------
Melee: Spear             |       |     4 ||     4
 Cast: Magic Dart        |    70 |    34 ||   104
  Use: Scroll            |       |     4 ||     4
  Eat: Chunk             |     1 |     2 ||     3
Armor: Robe              |     2 |     6 ||     8
Dodge: Dodged            |     8 |    12 ||    20
